Cogmind - Beta 15 @@@ ROGUE MODE // 2025.08.06 @ 22:04:15 Player: Mogwok Wargfriend Result: Destroyed by Y-45 Defender with Beam Rifle Performance ------------- Evolutions (2) 1000 Regions Visited (5) 1000 Robots Destroyed (79) 395 Value Destroyed (1927) 1927 Prototype IDs (5) 100 Alien Tech Used (0) 0 Bonus (0) 0 TOTAL SCORE: 4422 Bonus ------- None Cogmind --------- Core Integrity 0/550 Matter 217/300 Energy 245/410 System Corruption 0% Temperature Cool (9) Movement Walking (190) Ox1 Location -8/Materials Parts ------- > --- POWER (1) -------- Light Nuclear Core > --- PROPULSION (4) --- Aluminum Leg > --- UTILITY (4) ------ High-capacity Battery Advanced Targeting Computer > --- WEAPON (2) ------- Powered Hammer Powered Hammer > --- INVENTORY (5) ---- Improved Heat Sink Large Storage Unit Large Storage Unit High-capacity Matter Pod (200) Improved Signal Interpreter Peak State ------------ > --- POWER ------------ Light Deuterium Engine > --- PROPULSION ------- Improved Aluminum Leg Improved Aluminum Leg Improved Aluminum Leg Improved Aluminum Leg > --- UTILITY ---------- Improved Heat Sink Large Storage Unit Sensor Array System Restoration Module > --- WEAPON ----------- Heavy EM Pulse Gun Heavy EM Pulse Gun > --- INVENTORY -------- Improved Ion Engine Improved Aluminum Leg Improved Aluminum Leg Improved Heat Sink Large Storage Unit High-capacity Battery High-capacity Matter Pod Improved Signal Interpreter Advanced Targeting Computer Light Armor Plating Heavy EM Pulse Gun Heavy EM Pulse Gun Heavy Assault Rifle Rocket Launcher Mining Laser [Rating: 26] Favorites ----------- Power Ion Engine Engine Ion Engine Power Core Light Nuclear Core Propulsion Aluminum Leg Leg Aluminum Leg Flight Unit Improved VTOL Module Utility Improved Heat Sink Device Improved Heat Sink Storage Large Storage Unit Processor Advanced Targeting Computer Protection Light Armor Plating Weapon Light Cannon Energy Gun Heavy EM Pulse Gun Energy Cannon Beam Cannon Ballistic Gun Light Assault Rifle Ballistic Cannon Light Cannon Launcher Rocket Launcher Special Weapon Mining Laser Impact Weapon Powered Hammer Build | -11 -10 -10 -10 -9 -8 ------- Run | Yrd Mat Min Exi Min Mat Slots Evolved 4 | . . . . . 4 Power . | . . . . . . Propulsion 2 | . . . . . 2 Utility 2 | . . . . . 2 Weapon . | . . . . . . Parts Attached 64 | 7 17 2 . 4 34 Power 10 | 1 3 . . 1 5 Engine 8 | 1 3 . . 1 3 Core 2 | . . . . . 2 Reactor . | . . . . . . Propulsion 18 | 2 4 . . 2 10 Treads . | . . . . . . Leg 17 | 2 4 . . 2 9 Wheel . | . . . . . . Hover . | . . . . . . Flight 1 | . . . . . 1 Utility 17 | 2 5 1 . . 9 Device 7 | 1 2 1 . . 3 Storage 6 | 1 3 . . . 2 Processor 1 | . . . . . 1 Hackware . | . . . . . . Protection 3 | . . . . . 3 Artifact . | . . . . . . Weapon 19 | 2 5 1 . 1 10 Energy Gun 10 | . 2 . . 1 7 Energy Cannon 1 | . 1 . . . . Ballistic Gun 2 | 2 . . . . . Ballistic Cannon 1 | . 1 . . . . Launcher 2 | . . 1 . . 1 Special Weapon 1 | . 1 . . . . Impact Weapon 2 | . . . . . 2 Slashing Weapon . | . . . . . . Piercing Weapon . | . . . . . . Special Melee Weapon . | . . . . . . Unidentified Prototypes 3 | . . . . . 3 Parts Lost 25 | . 4 . . 2 19 Power 3 | . 1 . . . 2 Propulsion 9 | . . . . 2 7 Utility 4 | . . . . . 4 Weapon 9 | . 3 . . . 6 Highest Loss Streak 18 | . 1 . . 2 18 To Critical Strikes . | . . . . . . Average Backups 13 | 4 12 15 15 14 14 Power . | . . 1 1 1 . Propulsion 2 | 2 2 3 3 2 1 Utility 4 | . 3 4 4 4 6 Weapon 5 | . 5 7 7 7 5 Tool/Special . | . . . . . . Unused Backups 16 | . 6 . . 2 8 Power 1 | . . . . . 1 Propulsion 4 | . 2 . . 1 1 Utility 7 | . 2 . . 1 4 Weapon 4 | . 2 . . . 2 Tool/Special . | . . . . . . Average Slot Usage (%) 97 | . 99 100 100 99 93 Engine 12 | . 13 14 14 14 8 Leg 29 | . 27 28 28 27 33 Device 14 | . 13 14 14 14 16 Storage 12 | . 14 14 14 14 9 Protection 2 | . . . . . 7 Energy Gun 5 | . 3 . . 8 15 Energy Cannon 6 | . 3 14 14 5 . Ballistic Gun 4 | . 13 . . . . Ballistic Cannon 7 | . 6 9 14 14 1 Peak Build Rating 26 | 7 12 12 11 15 26 Average Rating 13 | 5 10 11 11 13 22 On Entrance 9 | . 7 11 11 11 15 Naked Turns . | . . . . . . Heaviest Build 38 | 13 32 33 32 34 38 Greatest Support 52 | 20 20 20 20 26 52 Greatest Overweight (x) 3 | 3 1 1 1 3 3 Average Overweight (x) . | . . 1 1 1 . Largest Inventory Capacity 15 | 8 15 15 15 15 15 Average Capacity 13 | 7 13 15 15 15 14 Most Carried 15 | 8 15 15 15 15 15 Average Carried 13 | 4 12 15 15 14 14 Final Capacity 15 | 8 15 15 15 15 5 Final Carried 15 | 8 15 15 15 15 5 Class Distribution -------------------- 53% | Scavenger-Mutant 46% | Mutant Dominant Class ---------------- Mutant | -10/Materials Scavenger-Mutant | -10/Mines Scavenger-Mutant | -10/Exiles Scavenger-Mutant | -9/Mines Mutant | -8/Materials Resources | -11 -10 -10 -10 -9 -8 ----------- Run | Yrd Mat Min Exi Min Mat Matter Collected 1742 | 378 581 196 . 142 445 Remotely . | . . . . . . Salvage Created 2867 | 184 773 218 . 109 1583 Parts 168 | 13 48 16 . 7 84 Haulers Intercepted 4 | . 2 . . . 2 Recyclers Shooed 10 | . 4 3 . . 3 Parts Field Recycled . | . . . . . . Retrieved Matter . | . . . . . . Parts Self-Destructed . | . . . . . . Prevented . | . . . . . . Kills | -11 -10 -10 -10 -9 -8 ------- Run | Yrd Mat Min Exi Min Mat Combat Hostiles Destroyed 46 | . 14 5 . 3 24 Melee 1 | . . . . . 1 Guns 22 | . 10 . . . 12 Cannons 10 | . 2 3 . 3 2 AOE 11 | . 2 2 . . 7 Classes Destroyed 12 | 3 6 . . 1 2 Worker 4 | 2 2 . . . . Builder 3 | . 1 . . . 2 Tunneler 6 | 4 . 2 . . . Hauler 4 | . 2 . . . 2 Recycler 9 | 1 1 2 . . 5 Mechanic 2 | . 1 . . . 1 Watcher 5 | . 3 . . . 2 Swarmer 10 | . 3 3 . . 4 Grunt 29 | . 11 2 . 2 14 Duelist 1 | . . . . 1 . Sentry 5 | . . . . . 5 Hunter 1 | . . . . . 1 Best Kill Streak 4 | 4 3 3 . 3 4 Combat Bots Only 4 | . 2 3 . 3 4 Max Kills in Single Turn 3 | 1 3 2 . 1 2 Gunslinging 1 | . 1 . . . . Exploded 2 | . 2 2 . . 2 Melee 1 | . . . . . 1 Uniques/NPCs Destroyed . | . . . . . . Combat | -11 -10 -10 -10 -9 -8 -------- Run | Yrd Mat Min Exi Min Mat Hostile Shots Fired 355 | . 92 28 . 8 227 Missed 93 | . 22 5 . 1 65 Hits 262 | . 70 23 . 7 162 Melee 2 | . . . . 2 . Projectile 260 | . 70 23 . 5 162 Critical Strikes 9 | . 1 . . . 8 Damage Taken 4059 | . 1008 275 . 119 2657 Core 726 | . 152 24 . . 550 Absorbed by Shields . | . . . . . . Regen/Repaired (Parts) 198 | . 145 . . . 53 Core Remaining (%) 64 | 100 . . . 29 . Volleys Fired 242 | 29 90 27 2 8 86 Largest 2 | 2 2 2 2 2 2 Hottest 100 | 40 100 90 90 95 98 Shots Fired 442 | 58 177 40 4 16 147 Gun 341 | 58 154 . . 1 128 Cannon 86 | . 21 38 4 15 8 Launcher 13 | . . 2 . . 11 Special 2 | . 2 . . . . Kinetic 226 | 58 139 11 2 8 8 Thermal 77 | . 38 27 2 8 2 Explosive 13 | . . 2 . . 11 Electromagnetic 126 | . . . . . 126 Robot Hit Streak 12 | 8 9 10 . 11 12 Robot Miss Streak 6 | 5 6 2 . 2 6 Penetration Max . | . . . . . . Secondary Targets 2 | . 2 . . . . Max Gunslinging Chain 1 | . 1 . . . . Shots Hit Robots 253 | 32 95 25 . 12 89 Core Hits 130 | 13 44 10 . 5 58 Critical Kills . | . . . . . . Critical Parts Destroyed 4 | . 2 . . . 2 Critical Strikes 6 | . 3 . . . 3 Burn 1 | . 1 . . . . Destroy 2 | . 2 . . . . Corrupt 1 | . . . . . 1 Smash 2 | . . . . . 2 Melee Attacks 12 | . . . . . 12 Impact 12 | . . . . . 12 Slashing . | . . . . . . Piercing . | . . . . . . Sneak Attacks 1 | . . . . . 1 Combat Hostiles . | . . . . . . Follow-up Attacks 1 | . . . . . 1 Damage Inflicted 4819 | 272 1208 640 . 250 2449 Guns 2260 | 272 813 . . 17 1158 Cannons 905 | . 166 424 . 233 82 Explosions 1323 | . 229 216 . . 878 Melee 331 | . . . . . 331 Ramming . | . . . . . . Kinetic 1314 | 272 682 170 . 108 82 Thermal 1011 | . 297 254 . 142 318 Explosive 1038 | . 229 216 . . 593 Electromagnetic 1125 | . . . . . 1125 Impact 331 | . . . . . 331 Slashing . | . . . . . . Piercing . | . . . . . . Highest Corruption 4 | . 4 4 4 4 3 Average Corruption 3 | . 4 4 4 4 2 Corruption Purged 3 | . . . . . 3 Corruption Blocked . | . . . . . . Effects 68 | . 10 21 24 8 5 Message Errors 22 | . 2 6 9 2 3 Matter Fused 14 | . 1 6 6 1 . Heat Flow Errors 8 | . 1 3 3 . 1 Energy Discharges 8 | . 1 2 . 4 1 Parts Fused 1 | . . 1 . . . Data Loss (minor) 3 | . 1 . 1 1 . Data Loss (major) 6 | . 1 . 5 . . Misfires 4 | . 2 2 . . . Alerts 1 | . 1 . . . . Weapon Failures 1 | . . 1 . . . Overload Shots . | . . . . . . Overflow Damage 210 | . 2 . . . 208 Projectiles . | . . . . . . Explosions 70 | . 2 . . . 68 Melee 140 | . . . . . 140 Knockbacks 6 | . 1 1 . 3 1 Impact . | . . . . . . Kinetic 6 | . 1 1 . 3 1 Secondary . | . . . . . . Self-Inflicted Damage 163 | . . 23 . . 140 Shots 5 | . . 1 . . 4 Rammed . | . . . . . . Targets Rammed . | . . . . . . Kicked . | . . . . . . Crushed . | . . . . . . Highest Temperature 265 | . 215 206 265 12 161 Average Temperature 36 | . 23 51 105 7 18 Received Heat Transfer 1698 | . 342 93 . 30 1233 Siege Activations . | . . . . . . Martial Activations . | . . . . . . Shielding Activations . | . . . . . . Robots Disrupted . | . . . . . . Combat Hostiles . | . . . . . . Robots Corrupted 3 | . . . . . 3 Combat Hostiles 2 | . . . . . 2 Parts Fried 6 | . . . . . 6 Impact Corruptions 4 | . . . . . 4 Robots Melted . | . . . . . . Combat Hostiles . | . . . . . . Parts Melted . | . . . . . . Heat Transferred 1965 | . 777 518 . 296 374 Parts Sabotaged . | . . . . . . Parts Stolen . | . . . . . . Parts Stripped . | . . . . . . Power Chain Reactions 2 | . . . . . 2 Alert | -11 -10 -10 -10 -9 -8 ------- Run | Yrd Mat Min Exi Min Mat Maximum Alert Level 1 | . . . . . 1 Low Security (%) 99 | 100 100 100 . 100 98 Level 1 . | . . . . . 1 Level 2 . | . . . . . . Level 3 . | . . . . . . Level 4 . | . . . . . . Level 5 . | . . . . . . High Security . | . . . . . . Max Security . | . . . . . . Peak Influence 211 | 10 147 72 . 50 211 Initial 23 | . . 23 . . . Average 46 | 1 59 13 . 13 57 Influence Increases 1807 | 35 606 157 . 70 939 Destroy 0b10 Robot/C 920 | . 280 100 . 60 480 Destroy 0b10 Robot/NC 165 | 35 50 20 . . 60 Destroy Leader 218 | . 70 20 . 10 118 Successful Hack 84 | . 54 . . . 30 Disable Machine 60 | . 30 . . . 30 Destroy Structure 105 | . 17 17 . . 71 Lose Combat Pursuer 255 | . 105 . . . 150 Influence Decreases 1599 | 35 546 217 . 70 731 Entered New Map 37 | . . 37 . . . Time Decay 1332 | 35 516 180 . 60 541 Lost Part 230 | . 30 . . 10 190 Squads Dispatched 9 | . 3 . . . 6 Investigation 5 | . 2 . . . 3 Extermination . | . . . . . . Reinforcement 3 | . 1 . . . 2 Assault . | . . . . . . Garrison 1 | . . . . . 1 Intercept . | . . . . . . Searches Triggered . | . . . . . . Construction Impeded 1 | . . . . . 1 Haulers Reinforced . | . . . . . . Active Scanning Responses . | . . . . . . Cargo Convoy Interrupts . | . . . . . . Stealth | -11 -10 -10 -10 -9 -8 --------- Run | Yrd Mat Min Exi Min Mat Distress Signals 9 | . 5 . . . 4 Communications Jammed . | . . . . . . Distress Signals . | . . . . . . Times Spotted 78 | . 30 5 . 3 40 Peak Tracking Total 8 | . 5 3 . 3 8 Tactical Retreats 10 | . 5 . . . 5 Traps | -11 -10 -10 -10 -9 -8 ------- Run | Yrd Mat Min Exi Min Mat Traps Triggered 7 | . 4 . . . 3 Indirectly . | . . . . . . Trap Hack Attempts . | . . . . . . Triggered . | . . . . . . Disarmed . | . . . . . . Reprogrammed . | . . . . . . Reused . | . . . . . . Traps Extracted . | . . . . . . Installed . | . . . . . . Triggered . | . . . . . . Machines | -11 -10 -10 -10 -9 -8 ---------- Run | Yrd Mat Min Exi Min Mat Machines Disabled 5 | . 3 . . . 2 Max in Single Turn 1 | . 1 . . . 1 Machines Repaired . | . . . . . . Machines Dismantled . | . . . . . . Machines Sabotaged . | . . . . . . Overloaded Fab Kills . | . . . . . . Hacking | -11 -10 -10 -10 -9 -8 --------- Run | Yrd Mat Min Exi Min Mat Machines Accessed 25 | . 10 . 4 . 11 Terminals 16 | . 7 . . . 9 Fabricators . | . . . . . . Repair Stations 2 | . 1 . . . 1 Recycling Units 3 | . 2 . . . 1 Scanalyzers . | . . . . . . Garrison Access . | . . . . . . Total Hacks 79 | . 39 . 4 . 36 Successful 48 | . 25 . 4 . 19 Failed 31 | . 14 . . . 17 Catastrophic 4 | . 2 . . . 2 Database Lockouts . | . . . . . . Manual 47 | . 23 . . . 24 Terminals 56 | . 27 . . . 29 Fabricators . | . . . . . . Repair Stations 10 | . 6 . . . 4 Recycling Units 9 | . 6 . . . 3 Scanalyzers . | . . . . . . Garrison Access . | . . . . . . Terminal Hacks 23 | . 12 . 4 . 7 Record 5 | . 1 . 4 . . Robot Analysis 7 | . 4 . . . 3 Prototype ID Bank 1 | . . . . . 1 Terminal Index 2 | . 1 . . . 1 Alert Level 3 | . 1 . . . 2 Locate Traps 4 | . 4 . . . . Zone Layout 1 | . 1 . . . . Fabricator Hacks . | . . . . . . Repair Station Hacks 10 | . 6 . . . 4 Scan Component 5 | . 3 . . . 2 Repair 5 | . 3 . . . 2 Recycling Unit Hacks 2 | . 1 . . . 1 Report Inventory 2 | . 1 . . . 1 Scanalyzer . | . . . . . . Garrison Access Hacks . | . . . . . . Unauthorized Hacks 13 | . 6 . . . 7 Terminals 10 | . 4 . . . 6 Assimilate 1 | . . . . . 1 Botnet 7 | . 3 . . . 4 Operators 2 | . 1 . . . 1 Fabricators . | . . . . . . Repair Stations . | . . . . . . Recycling Units 3 | . 2 . . . 1 Reject 2 | . 1 . . . 1 Mask 1 | . 1 . . . . Scanalyzers . | . . . . . . Garrison Access . | . . . . . . Data Cores Recovered . | . . . . . . Used . | . . . . . . Hacking Detections 20 | . 9 . . . 11 Full Trace Events 1 | . . . . . 1 Feedback Events . | . . . . . . Feedback Blocked . | . . . . . . Robot Schematics Acquired . | . . . . . . Robots Built . | . . . . . . Authchips . | . . . . . . Time . | . . . . . . Total Robot Build Rating . | . . . . . . Part Schematics Acquired . | . . . . . . Parts Built . | . . . . . . Authchips . | . . . . . . Time . | . . . . . . Total Part Build Rating . | . . . . . . Parts Repaired 5 | . 3 . . . 2 Time 154 | . 90 . . . 64 Parts Recycled . | . . . . . . Recycled Matter . | . . . . . . Retrieved Matter . | . . . . . . Retrieved Components . | . . . . . . Parts Scanalyzed . | . . . . . . Part Schematics Acquired . | . . . . . . Parts Damaged . | . . . . . . Bothacking | -11 -10 -10 -10 -9 -8 ------------ Run | Yrd Mat Min Exi Min Mat Used RIF Installer . | . . . . . . Robots Hacked . | . . . . . . Non-combat . | . . . . . . Combat . | . . . . . . Robot Hacks Applied . | . . . . . . Relay Couplers Released . | . . . . . . Fabnet Peak Effective % . | . . . . . . Robots Rewired . | . . . . . . Allies Hacked . | . . . . . . Hacks Repelled . | . . . . . . Allies | -11 -10 -10 -10 -9 -8 -------- Run | Yrd Mat Min Exi Min Mat Total Allies 3 | . . . . 3 . Largest Group 3 | . . . . 3 . Highest-Rated Group 40 | . . . . 40 . Highest-Rated Ally 16 | . . . . 16 . Total Orders . | . . . . . . Ally Attacks 5 | . . . . 5 . Total Damage 66 | . . . . 66 . Kills . | . . . . . . Allies Corrupted . | . . . . . . Allies Melted . | . . . . . . Intel | -11 -10 -10 -10 -9 -8 ------- Run | Yrd Mat Min Exi Min Mat Active Infowar (turns) 1884 | 35 424 . . . 1425 Sensors 1425 | . . . . . 1425 Seismic 459 | 35 424 . . . . Robot Analysis Total 7 | . 4 . . . 3 Derelict Logs Recovered 2 | . . 2 . . . Drone Launches . | . . . . . . Drone Recoveries . | . . . . . . Exploration | -11 -10 -10 -10 -9 -8 ------------- Run | Yrd Mat Min Exi Min Mat Turns Passed 6427 | 248 2161 917 1127 224 1750 Spaces Moved 3258 | 131 1022 446 590 100 969 Core 16 | 8 . . . . 8 Treads . | . . . . . . Legs 3242 | 123 1022 446 590 100 961 Wheels . | . . . . . . Hover . | . . . . . . Flight . | . . . . . . Fastest Speed 50 | 50 120 190 190 190 120 Average Speed 159 | 118 166 190 190 191 122 Slowest Speed 330 | 200 190 190 190 330 260 Overloaded Moves . | . . . . . . Propulsion Burnouts . | . . . . . . Robots Hopped . | . . . . . . Potential Cave-ins . | . . . . . . Cave-ins Triggered 1 | . 1 . . . . Exploration Rate (%) 57 | 6 98 67 95 14 66 Regions Visited 5 Branch Regions 3 Pre-discovered Areas . | . . . . . . Known Exits Taken . | . . . . . . Unknown Exits Taken 5 | 1 1 1 1 1 . Scrap Searched . | . . . . . . Spaces Dug 13 | . 1 12 . . . Terrain Destroyed 136 | . 17 20 . . 99 Melee . | . . . . . . Projectile 2 | . 2 . . . . AOE 134 | . 15 20 . . 99 Terrain Rammed . | . . . . . . Walls Destroyed . | . . . . . . Machines Disabled . | . . . . . . Actions | -11 -10 -10 -10 -9 -8 --------- Run | Yrd Mat Min Exi Min Mat Total 4063 | 174 1329 477 593 120 1370 Wait 384 | . 162 1 . . 221 Move 3253 | 130 1021 445 589 99 969 Hop . | . . . . . . Pick Up 36 | 8 14 . 1 3 10 Fast Attach 40 | 7 9 . . 2 22 Attach 18 | . 3 . . 1 14 Detach 2 | . . . . . 2 Swap 27 | . 13 3 . 2 9 Drop 51 | . 17 1 1 5 27 Fire 242 | 29 90 27 2 8 86 Melee 10 | . . . . . 10 Ram . | . . . . . . Kick . | . . . . . . Crush . | . . . . . . Escape Stasis . | . . . . . . Rewire . | . . . . . . Trap . | . . . . . . Miscellaneous . | . . . . . . Route ------- -11/Scrapyard -10/Materials (discovered 6 exits: [*Mat x3] / [*Min x2] / [*Sub]) -10/Mines (discovered 3 exits: [*Mat] / *Exi / [*Sub]) -10/Exiles (discovered 2 exits: [*Min x2]) -9/Mines -8/Materials (discovered 2 exits: Fac x2) History --------- Turn | Location | Event 8 | -11/Scrapyard | Discovered new exit (range 16) 249 | -11/Scrapyard | Entered Materials 307 | -10/Materials | Build established: Mutant 799 | -10/Materials | Discovered new exit (range 6) 1002 | -10/Materials | Discovered new exit (range 9) 1406 | -10/Materials | Discovered new exit (range 8) 1534 | -10/Materials | Build established: Scavenger-Mutant 1753 | -10/Materials | Discovered new exit (range 13) 1803 | -10/Materials | Crushed by falling debris 1803 | -10/Materials | Core integrity fell below 50% 1922 | -10/Materials | Discovered new exit (range 16) 2131 | -10/Materials | Repaired Aluminum Leg 2159 | -10/Materials | Repaired Ion Engine 2198 | -10/Materials | Repaired Imp. Heat Sink 2345 | -10/Materials | Discovered new exit (range 10) 2410 | -10/Materials | Entered Mines 2568 | -10/Mines | Discovered new exit (range 7) 2663 | -10/Mines | Learned Materials stockpile data 2828 | -10/Mines | Found a hidden stash of uninstalled traps 3066 | -10/Mines | Learned 8 Materials zone layouts 3108 | -10/Mines | Discovered new exit (range 6) 3318 | -10/Mines | Deemed a non-threat by the Exiles lab entrance 3320 | -10/Mines | Discovered new exit (range 5) 3327 | -10/Mines | Entered Exiles 3327 | -10/Exiles | Found Exiles lab abandoned 3451 | -10/Exiles | Discovered new exit (range 14) 4439 | -10/Exiles | Discovered new exit (range 10) 4454 | -10/Exiles | Entered Mines 4462 | -9/Mines | Assisted by bots powering up and referring to "LRC-V3" 4531 | -9/Mines | Lost 3 allies 4585 | -9/Mines | Discovered new exit (range 6) 4678 | -9/Mines | Entered Materials 4678 | -8/Materials | Evolved 4 slots: Propulsion x2, Utility x2 4679 | -8/Materials | Identified exit to Factory 5090 | -8/Materials | Build established: Mutant 5562 | -8/Materials | Repaired Hvy. EM Pulse Gun 5595 | -8/Materials | Repaired Imp. Aluminum Leg 6344 | -8/Materials | Garrison activated, responded to threat 6364 | -8/Materials | Core integrity fell below 50% 6390 | -8/Materials | Lost 18 parts (2p6n4u6w) 6404 | -8/Materials | Core integrity fell below 20% 6428 | -8/Materials | Destroyed by Y-45 Defender with Beam Rifle Last Messages --------------- 06411_ R-06 Scavenger collects Hvy. EM Pulse Gun. 06412_ K-01 Serf collects debris. 06415_ R-06 Scavenger collects Lgt. Nuclear Core. 06415_ Acquired Aluminum Leg. 06415_ K-01 Serf collects debris. 06416_ Sneak attack on R-06 Scavenger. 06416_ Destroyed Tractor Beam. 06416_ R-06 Scavenger system corrupted by crushing effect. 06417_ R-06 Scavenger system terminally corrupted. 06417_ Lgt. Ion Engine fried. 06417_ Com. Wheel fried. 06418_ K-01 Serf collects debris. 06420_ Acquired Lgt. Nuclear Core. 06421_ K-01 Serf collects debris. 06422_ Critical hit (Burn: +37). 06424_ K-01 Serf collects debris. Map ----- +----------------------------------------------------+ | | | | | | | | | | | | | | | | | | | | | | | | | ???###############??????????????????????? | | ???# #??????????????????????? | | ???# !!! #??????????????????????? | | ???# !!! #??????????????######### | | ???# ! !! ???????######### # | | ???# ????????# ## ! """ # | | ???# ????????# ## """ # | | ?#########+############## ## """ # | | ## ^ # # | | % ^ ^ + """ # | | ## """ """ # """ # | | ?# ########## """ """ # """ # | | ?# # """ # """ """ # # | | ?# # = "T" + =% @Yk # # | | ## # ## [%[%= [+ ! # | | ^ # ## # %! #### # ###### | | + ## ## # # #????? | | # """ ]## ##!!/ !!# #= #????? | | ## # """ ## ##!!/ !!# ###### | | ?# # """ ## ######### % ## # | | ?# # ## #??????# # | | ?# ########### #?????? = # # | | ?# #????? "" # # | | ?# #????" T" =+% # | | ?# #????" " # # # | | ?# ##### + ! # = # | | ?# ????# # !!! =%= # | | ?# " ????# # ! ! ## # | | ?# """ ????# # ! # ####### | | ?# """ ?????# # # # ??????? | | ?# """ ?????# ###+########/###?????? | | ?? "" ?????# #?# ## #?????? | | ?????"" ?????# #?# ## """ #?????? | | ???? "" ??????# ### ## """ #?????? | | ?????"" ??????# # """ #?????? | | ?????? ??????# + " " #?????? | | ?????? ??????# ### # "G" #?????? | | ???????? ???????# #?# # " #?????? | +----------------------------------------------------+ Best States ------------- Heat Dissipation 45 Energy Generation 14 Energy Capacity 350 Matter Stores 300 Matter Capacity 300 Sight Range 16 Robot Scan Range 14 Terrain Scan Density 10 Armor Coverage 150 Evasion (%) 55 Targeting Accuracy 8 Item Schematics ----------------- None Robot Schematics ------------------ None Fabricated ------------ Nothing Repaired ---------- Aluminum Leg | 14% | -10/Materials Ion Engine | 5% | -10/Materials Imp. Heat Sink | 72% | -10/Materials Hvy. EM Pulse Gun | 66% | -8/Materials Imp. Aluminum Leg | 64% | -8/Materials Alien Tech Used ----------------- None Achievements -------------- None Challenges ------------ None Game ------ Seed ChargeReactionDriver Manual? 0 Play Time 00:37:42 Cumulative 285.2 hours Start 2025.08.06 @ 17:31:12 End 2025.08.06 @ 22:04:15 Sessions 4 Manual Loads 0 Difficulty Rogue Special Mode None Game No. 252 Rogue 252 Adventurer 0 Explorer 0 Win Type - Total 1 Types 1/0/0/0/0/0/0/0/0/0 Lore% 65 Gallery% 63 Achievement% 50 Wizard Run 0 Options --------- Layout 2 ASCII 1 Keyboard 1 Movement Numpad Keybinds 0 Fullscreen 2 Font 32/TamsynBold Map View 50x44 Zoom Use 0% Tactical HUD 1 Map Filters NONE Filters NONE Steam 1 RUN: 1b0da5c3-b025-4258-bc17-4d13e5370d3e